 Dungeon Crawl Stone Soup version 0.18-a0-1044-g2bb894f (console) character file.

469 FIQ the Spear-Bearer (level 7, -2/54 HPs)
             Began as a Merfolk Gladiator on Jan 11, 2016.
             Was a Follower of Yredelemnul.
             Slain by Menkaure (16 damage)
             ... on level 4 of the Dungeon.
             The game lasted 00:07:05 (3688 turns).

FIQ the Spear-Bearer (Merfolk Gladiator)            Turns: 3688, Time: 00:07:05

Health: -2/54      AC:  7    Str: 16    XL:     7   Next: 9%
Magic:  8/8        EV: 15    Int: 11    God:    Yredelemnul [*.....]
Gold:   139        SH:  0    Dex: 16    Spells: 0 memorised, 6 levels left

rFire  + . .     SeeInvis .     a - +0 trident
rCold  . . .     Gourm    .     b - +0 leather armour
rNeg   . . .     Faith    .     (no shield)
rPois  .         Spirit   .     B - +0 helmet "Fysupyv" {Int+4}
rElec  .         Dismiss  .     (no cloak)
rCorr  .         Reflect  .     (no gloves)
SustAt .         Harm     .     (no boots)
MR     .....                    (no amulet)
Stlth  +.........               h - ring of protection from fire
                                e - +3 ring of protection

@: not resistant to hostile enchantments, very unstealthy
A: change form in water, swift swim
a: Animate Remains, Renounce Religion


You were on level 4 of the Dungeon.
You worshipped Yredelemnul.
Yredelemnul was aware of your devotion.
You were not hungry.

You visited 1 branch of the dungeon, and saw 4 of its levels.

You collected 139 gold pieces.

Inventory:

Hand Weapons
 a - a +0 trident (weapon)
Missiles
 d - 3 throwing nets (quivered)
Armour
 b - a +0 leather armour (worn)
 B - the +0 helmet "Fysupyv" (worn) {Int+4}
   (You took it off Robin on level 4 of the Dungeon)

   It affects your intelligence (+4).
Jewellery
 e - a +3 ring of protection (left hand)
 h - a ring of protection from fire (right hand)
 k - an uncursed ring of stealth
 o - a cursed ring of teleportation {unknown}
 A - an uncursed ring of sustain attributes
Scrolls
 c - a scroll of noise {unknown}
 i - a scroll of immolation {unknown}
 m - 2 scrolls of amnesia {unknown}
 q - a scroll of enchant armour {unknown}
 r - a scroll of fear {unknown}
 u - a scroll of teleportation {unknown}
 w - a scroll of enchant weapon {unknown}
 y - a scroll of blinking {unknown}
 z - a scroll of remove curse {unknown}
Potions
 j - a potion of flight {unknown}
 l - 2 potions of brilliance
 n - a potion of resistance
 s - a potion of haste
 t - a potion of cancellation
Comestibles
 f - 2 bread rations
 g - a slice of pizza
 p - 5 fruits
 v - 2 meat rations
 x - 21 chunks of flesh


   Skills:
 + Level 4.1 Fighting
 * Level 8.1 Polearms
 - Level 2.0 Throwing
 + Level 6.2 Dodging
 + Level 1.9 Invocations


You had 6 spell levels left.
You didn't know any spells.

Dungeon Overview and Level Annotations

Branches:
Dungeon (4/15)
 Temple: D:4-7

Altars:
Ashenzari
Pakellas
Trog
Xom
Yredelemnul

Annotations:
D:4 Menkaure


Message History

You hit Menkaure.
Menkaure is moderately damaged.
Menkaure misses you.
You barely miss Menkaure.
Menkaure is moderately damaged.
You hit Menkaure.
Menkaure is moderately damaged.
Menkaure calls on the powers of darkness!
Your body is wracked with pain!
You barely miss Menkaure.
Menkaure is moderately damaged.
Menkaure hits you!
* * * LOW HITPOINT WARNING * * *
You are too injured to fight recklessly!
You are too injured to fight recklessly!
You barely miss Menkaure.
Menkaure is moderately damaged.
Menkaure hits you!
You die...
Your body rises from the dead as a mindless zombie.

###....))##........##
#.......[<).........##
.....................#
........###...[......#
....#####
##....#....## .###
##...##....#
##.####...# ##.#####.#
#..####### ##.M......
##.@#......
#..##.M.... #..##
..... #.# ..... #.<
.... #.. $... #..#
#..# #.#


You could see Menkaure.

Vanquished Creatures
  Sigmund (D:3)
  4 orc wizards (D:3)
  A worker ant zombie (D:3)
  Robin (D:4)
  4 adders
  5 worms
  A giant gecko (D:3)
  14 orcs (D:3)
  8 bats
  4 giant cockroaches
  25 goblins
  18 hobgoblins
  13 jackals
  8 kobolds
  2 ball pythons
  2 giant newts
  8 rats
119 creatures vanquished.

Notes
Turn   | Place    | Note
--------------------------------------------------------------
     0 | D:1      | FIQ the Merfolk Gladiator began the quest for the Orb.
     0 | D:1      | Reached XP level 1. HP: 16/16 MP: 1/1
   135 | D:1      | Reached XP level 2. HP: 22/22 MP: 2/2
   332 | D:1      | Reached skill level 5 in Polearms
   554 | D:1      | Reached XP level 3. HP: 28/28 MP: 3/3
  1297 | D:2      | Reached XP level 4. HP: 27/34 MP: 4/4
  1419 | D:2      | Reached skill level 5 in Dodging
  1679 | D:2      | Found a shattered altar of Ashenzari.
  2377 | D:3      | Reached skill level 6 in Polearms
  2516 | D:3      | Reached XP level 5. HP: 38/41 MP: 5/5
  2613 | D:3      | Found a shimmering altar of Xom.
  2616 | D:3      | Found an oddly glowing altar of Pakellas.
  2632 | D:3      | Found a bloodstained altar of Trog.
  2635 | D:3      | Found a basalt altar of Yredelemnul.
  2639 | D:3      | Became a worshipper of Yredelemnul the Dark
  2752 | D:3      | Noticed Sigmund
  2760 | D:3      | Killed Sigmund
  2760 | D:3      | Reached skill level 7 in Polearms
  2760 | D:3      | Reached skill level 1 in Invocations
  2760 | D:3      | Reached XP level 6. HP: 30/48 MP: 6/6
  3119 | D:3      | Reached * piety under Yredelemnul
  3421 | D:3      | Reached skill level 8 in Polearms
  3471 | D:4      | Reached XP level 7. HP: 54/54 MP: 8/8
  3483 | D:4      | Noticed Robin
  3576 | D:4      | Killed Robin
  3583 | D:4      | Got a distressingly furry helmet
  3594 | D:4      | Identified the +0 helmet "Fysupyv" {Int+4} (You took it off Robin on level 4 of the Dungeon)
  3669 | D:4      | Noticed Menkaure
  3688 | D:4      | Slain by Menkaure

Vault maps used:
D:1:      ncdulo_smallfort
D:2:      evilmike_ruin_ashenzari, minmay_goblin_outpost
D:3:      kennysheep_the_goblin_king, grunt_temple_overflow_cloverleaf,
          uniq_sigmund
D:4:      nicolae_gozag_seed_capital, temple_doors_c, first_bread,
          uniq_menkaure, uniq_blork_the_orc, uniq_robin

Action                   |  1- 3 |  4- 6 |  7- 9 || total
-------------------------+-------+-------+-------++-------
Melee: Trident           |   153 |   229 |    68 ||   450
  Use: Scroll            |       |     6 |       ||     6
       Potion            |       |     1 |       ||     1
 Stab: Sleeping          |     1 |     8 |       ||     9
       Distracted        |       |     2 |       ||     2
  Eat: Chunk             |     1 |     8 |       ||     9
